3L
PITTSBURGH KINGFISHERS @ OAKLAND OAKS
04/24/2042
 
TOP OF THE 1ST
Pittsburgh Kingfishers batting - Pitching for Oakland Oaks : RHP Sake Bravenboer
Pitching: RHP Sake Bravenboer
Batting: RHB Krystof Melichar 0-0: Called Strike
0-1: Swinging Strike
0-2: Ground out 6-3 (Groundball, 56D, EV 87.5 MPH)
Batting: LHB Rafael Abasto 0-0: Ball
1-0: Called Strike
1-1: SOLO HOME RUN (Flyball, 89XD, EV 98.8 MPH), Distance : 409 ft
Batting: LHB Danny Trautmann 0-0: Ball
1-0: Foul Ball, location: 2F
1-1: Called Strike
1-2: Strikes out swinging
Batting: SHB Yeow-whye Zhu 0-0: Fly out, F7 (Line Drive, 7, EV 93.1 MPH)
Top of the 1st over - 1 run, 1 hit, 0 errors, 0 left on base; Pittsburgh 1 - Oakland 0
BOTTOM OF THE 1ST
Oakland Oaks batting - Pitching for Pittsburgh Kingfishers : RHP Gabriel Durango
Pitching: RHP Gabriel Durango
Batting: RHB Esteban Vázquez 0-0: Called Strike
0-1: Ball
1-1: Ball
2-1: Ball
3-1: Fly out, F5 (Flyball, 5D, EV 82.5 MPH)
Batting: RHB John Mast 0-0: Called Strike
0-1: Ball
1-1: Ball
2-1: Foul Ball, location: 2F
2-2: Fly out, F7 (Flyball, 78D, EV 101.9 MPH)
Batting: LHB Conor Gotaas 0-0: Ball
1-0: Called Strike
1-1: Foul Ball, location: 2F
1-2: Strikes out swinging
Bottom of the 1st over - 0 runs, 0 hits, 0 errors, 0 left on base; Pittsburgh 1 - Oakland 0
TOP OF THE 2ND
Pittsburgh Kingfishers batting - Pitching for Oakland Oaks : RHP Sake Bravenboer
Batting: RHB Rob Brooks 0-0: Called Strike
0-1: Called Strike
0-2: Ball
1-2: Fly out, F8 (Flyball, 8RD, EV 106.9 MPH)
Batting: LHB Naganori Inoue 0-0: Swinging Strike
0-1: Ball
1-1: Fly out, F7 (Line Drive, 7, EV 91.9 MPH)
Batting: RHB Junior Young 0-0: Ball
1-0: Foul Ball, location: 2F
1-1: Swinging Strike
1-2: Strikes out swinging, 2-3 out at first.
Top of the 2nd over - 0 runs, 0 hits, 0 errors, 0 left on base; Pittsburgh 1 - Oakland 0
BOTTOM OF THE 2ND
Oakland Oaks batting - Pitching for Pittsburgh Kingfishers : RHP Gabriel Durango
Batting: LHB Phillip White 0-0: Ball
1-0: Swinging Strike
1-1: Called Strike
1-2: Ball
2-2: Strikes out swinging
Batting: LHB Norbert Ingalsbe 0-0: SOLO HOME RUN (Flyball, 9D, EV 88.8 MPH), Distance : 378 ft
Batting: RHB Sebastian Franke 0-0: Ball
1-0: Called Strike
1-1: Ball
2-1: SINGLE (Flyball, 78M, EV 91.2 MPH)
Batting: LHB Michael Witt 0-0: Swinging Strike
0-1: Ball
1-1: Foul Ball, location: 2F
1-2: SINGLE (Groundball, 4D, EV 106.2 MPH)
Sebastian Franke to second
Runner from 2nd tries for 3rd, SAFE, throw by CF made to third
Batting: LHB Jorge Peniche 0-0: Ball
1-0: Called Strike
1-1: Foul Ball, location: 2F
1-2: Foul Ball, location: 2F
1-2: Fly out, F7 (Line Drive, 7D, EV 100.6 MPH)
Runner from 3rd tags up, SCORES, no throw by LF
Batting: RHB Tak-wai Jia 0-0: Called Strike
0-1: Ball
1-1: Ball
2-1: Called Strike
2-2: Strikes out swinging
Bottom of the 2nd over - 2 runs, 3 hits, 0 errors, 1 left on base; Pittsburgh 1 - Oakland 2
TOP OF THE 3RD
Pittsburgh Kingfishers batting - Pitching for Oakland Oaks : RHP Sake Bravenboer
Batting: RHB Loring Rommel 0-0: Ball
1-0: Foul Ball, location: 2F
1-1: Ground out U3 (Groundball, 34, EV 79.4 MPH)
Batting: RHB Roger Snodgrass 0-0: Foul Ball, location: 2F
0-1: Swinging Strike
0-2: Ball
1-2: Ground out 3-1 (Groundball, 34, EV 83.1 MPH)
Batting: RHB Krystof Melichar 0-0: Ground out U3 (Groundball, 34, EV 90.6 MPH)
Top of the 3rd over - 0 runs, 0 hits, 0 errors, 0 left on base; Pittsburgh 1 - Oakland 2
BOTTOM OF THE 3RD
Oakland Oaks batting - Pitching for Pittsburgh Kingfishers : RHP Gabriel Durango
Batting: RHB Esteban Vázquez 0-0: Ball
1-0: Called Strike
1-1: Foul Ball, location: 2F
1-2: Strikes out swinging
Batting: RHB John Mast 0-0: Ball
1-0: Swinging Strike
1-1: Called Strike
1-2: Ball
2-2: Ball
3-2: Strikes out swinging
Batting: LHB Conor Gotaas 0-0: Called Strike
0-1: Foul Ball, location: 2F
0-2: Foul Ball, location: 2F
0-2: Strikes out swinging
Bottom of the 3rd over - 0 runs, 0 hits, 0 errors, 0 left on base; Pittsburgh 1 - Oakland 2
TOP OF THE 4TH
Pittsburgh Kingfishers batting - Pitching for Oakland Oaks : RHP Sake Bravenboer
Batting: LHB Rafael Abasto 0-0: Ball
1-0: Ball
2-0: Ball
3-0: Foul Ball, location: 2F
3-1: Called Strike
3-2: Fly out, F8 (Flyball, 8RM, EV 90.6 MPH)
Batting: LHB Danny Trautmann 0-0: Fly out, F9 (Flyball, 9LMF, EV 101.2 MPH)
Batting: SHB Yeow-whye Zhu 0-0: Ball
1-0: Ground out 5-3 (Groundball, 56, EV 82.5 MPH)
Top of the 4th over - 0 runs, 0 hits, 0 errors, 0 left on base; Pittsburgh 1 - Oakland 2
BOTTOM OF THE 4TH
Oakland Oaks batting - Pitching for Pittsburgh Kingfishers : RHP Gabriel Durango
Batting: LHB Phillip White 0-0: Ball
1-0: Ball
2-0: Called Strike
2-1: Ball
3-1: Foul Ball, location: 2F
3-2: Strikes out looking
Batting: LHB Norbert Ingalsbe 0-0: Ball
1-0: Called Strike
1-1: Ball
2-1: Foul Ball, location: 2F
2-2: Ground out 4-3 (Groundball, 4M, EV 91.2 MPH)
Batting: RHB Sebastian Franke 0-0: Ball
1-0: Ground out 5-3 (Groundball, 56, EV 80.6 MPH)
Bottom of the 4th over - 0 runs, 0 hits, 0 errors, 0 left on base; Pittsburgh 1 - Oakland 2
TOP OF THE 5TH
Pittsburgh Kingfishers batting - Pitching for Oakland Oaks : RHP Sake Bravenboer
Pitching: RHP Charlie Hilder
Batting: RHB Rob Brooks 0-0: Ball
1-0: Ball
2-0: Ball
3-0: Base on Balls
Batting: LHB Naganori Inoue 0-0: Sac Bunt to 15 - play at second, runner OUT! 1-6
Batting: RHB Junior Young 0-0: Called Strike
0-1: Ball
1-1: Ball
2-1: Ball
3-1: Foul Ball, location: 2F
3-2: Reached on error, E4 (Popup, 4S, EV 85.0 MPH)
Naganori Inoue to second
Batting: RHB Loring Rommel 0-0: Ball
1-0: Foul Ball, location: 2F
1-1: Ball
2-1: Called Strike
2-2: Foul Ball, location: 2F
2-2: Ball
3-2: 3-RUN HOME RUN (Line Drive, 7D, EV 104.4 MPH), Distance : 381 ft
Batting: RHB Roger Snodgrass 0-0: Ground out 5-3 (Groundball, 56, EV 87.5 MPH)
Batting: RHB Krystof Melichar 0-0: Foul Ball, location: 2F
0-1: Foul Ball, location: 2F
0-2: Foul Ball, location: 2F
0-2: Strikes out swinging
Top of the 5th over - 3 runs, 1 hit, 1 error, 0 left on base; Pittsburgh 4 - Oakland 2
BOTTOM OF THE 5TH
Oakland Oaks batting - Pitching for Pittsburgh Kingfishers : RHP Gabriel Durango
Pitching: LHP Kenny James
Batting: LHB Michael Witt 0-0: Ball
1-0: Ball
2-0: Called Strike
2-1: Foul Ball, location: 2F
2-2: Fly out, F5 (Popup, 5SF, EV 88.1 MPH)
Batting: LHB Jorge Peniche 0-0: SINGLE (Groundball, 4D, EV 98.8 MPH)
Batting: RHB Tak-wai Jia 0-0: Ball
1-0: Ball
Wild Pitch!
Jorge Peniche to second
2-0: Reached on error, E6 (Groundball, 6, EV 88.1 MPH)
Jorge Peniche scores
Batting: RHB Esteban Vázquez 0-0: Ball
1-0: Called Strike
1-1: Called Strike
1-2: Strikes out swinging
Batting: RHB John Mast 0-0: Ball
1-0: Called Strike
1-1: Foul Ball, location: 2F
1-2: Ball
2-2: Ground out 6-3 (Groundball, 6, EV 86.9 MPH)
Bottom of the 5th over - 1 run, 1 hit, 1 error, 1 left on base; Pittsburgh 4 - Oakland 3
TOP OF THE 6TH
Pittsburgh Kingfishers batting - Pitching for Oakland Oaks : RHP Charlie Hilder
Pitching: LHP Mario Herrera
Batting: LHB Rafael Abasto 0-0: Ball
1-0: Ball
2-0: Ball
3-0: Called Strike
3-1: SINGLE (Flyball, 78S, EV 88.8 MPH)
Batting: LHB Danny Trautmann 0-0: SINGLE (Line Drive, 78S, EV 87.5 MPH)
Rafael Abasto to second
Batting: SHB Yeow-whye Zhu 0-0: Called Strike
0-1: Foul Ball, location: 2F
0-2: Ball
1-2: Strikes out swinging
Pinch Runner at 2nd Max Sinclair:
Batting: RHB Rob Brooks 0-0: Called Strike
0-1: Swinging Strike
0-2: Strikes out looking
Batting: LHB Naganori Inoue 0-0: Called Strike
0-1: Ball
1-1: Ball
2-1: Ball
3-1: Base on Balls
Max Sinclair to third
Danny Trautmann to second
Batting: RHB Junior Young 0-0: Called Strike
0-1: Foul Ball, location: 2F
0-2: Ball
1-2: Fly out, F9 (Flyball, 9D, EV 88.8 MPH)
Top of the 6th over - 0 runs, 2 hits, 0 errors, 3 left on base; Pittsburgh 4 - Oakland 3
BOTTOM OF THE 6TH
Oakland Oaks batting - Pitching for Pittsburgh Kingfishers : LHP Kenny James
Batting: LHB Conor Gotaas 0-0: Foul Ball, location: 2F
0-1: Swinging Strike
0-2: Foul Ball, location: 2F
0-2: Strikes out swinging
Batting: LHB Phillip White 0-0: Fly out, F9 (Flyball, 9LS, EV 78.8 MPH)
Batting: LHB Norbert Ingalsbe 0-0: Foul Ball, location: 2F
0-1: Foul Ball, location: 2F
0-2: Ball
1-2: SINGLE (Groundball, 34S, EV 70.0 MPH) (infield hit)
Batting: RHB Sebastian Franke 0-0: Ground out 4-3 (Groundball, 4, EV 81.9 MPH)
Bottom of the 6th over - 0 runs, 1 hit, 0 errors, 1 left on base; Pittsburgh 4 - Oakland 3
TOP OF THE 7TH
Pittsburgh Kingfishers batting - Pitching for Oakland Oaks : LHP Mario Herrera
Batting: RHB Loring Rommel 0-0: Ball
1-0: Foul Ball, location: 2F
1-1: Called Strike
1-2: Fly out, F7 (Flyball, 7, EV 91.9 MPH)
Batting: RHB Roger Snodgrass 0-0: SINGLE (Line Drive, 4M, EV 97.5 MPH)
Pinch Hitting: RHB Adam Smith 0-0: Ball
1-0: Ball
2-0: Ball
3-0: Base on Balls
Roger Snodgrass to second
Pinch Runner at 2nd Li-ren Ku:
Batting: LHB Max Sinclair 0-0: Ball
1-0: DOUBLE (Flyball, 8RXD, EV 101.2 MPH)
Li-ren Ku scores
Adam Smith to third
Runner from 3rd tries for Home, SAFE, throw by CF to home
Pinch Hitting: LHB Royce Foster 0-0: Called Strike
0-1: Ball
1-1: Ball
2-1: Called Strike
2-2: Strikes out swinging
Pinch Hitting: SHB Hong-bo Zhui 0-0: Called Strike
0-1: Ground out 1-3 (Groundball, 13, EV 84.4 MPH)
Top of the 7th over - 2 runs, 2 hits, 0 errors, 1 left on base; Pittsburgh 6 - Oakland 3
BOTTOM OF THE 7TH
Oakland Oaks batting - Pitching for Pittsburgh Kingfishers : LHP Kenny James
Now at 1B: Adam Smith
Now at 2B: Li-ren Ku
Now at 3B: Hong-bo Zhui
Now at SS: Stu Roberts
Batting: LHB Michael Witt 0-0: Called Strike
0-1: Ball
1-1: Swinging Strike
1-2: Fly out, F7 (Flyball, 7LMF, EV 90.0 MPH)
Batting: LHB Jorge Peniche 0-0: Ball
1-0: Fly out, F4 (Popup, 4D, EV 46.2 MPH)
Batting: RHB Tak-wai Jia 0-0: Ball
1-0: Ball
2-0: Ball
3-0: Base on Balls
Pinch Hitting: RHB Vonne Navarrete 0-0: Called Strike
0-1: Ball
1-1: Foul Ball, location: 2F
1-2: Ball
2-2: Ball
3-2: Foul Ball, location: 2F
3-2: Base on Balls
Tak-wai Jia to second
Batting: RHB John Mast 0-0: Called Strike
0-1: Ball
1-1: Ball
2-1: Called Strike
2-2: Strikes out swinging
Bottom of the 7th over - 0 runs, 0 hits, 0 errors, 2 left on base; Pittsburgh 6 - Oakland 3
TOP OF THE 8TH
Pittsburgh Kingfishers batting - Pitching for Oakland Oaks : LHP Mario Herrera
Now at 3B: Vonne Navarrete
Pinch Hitting: LHB Ramiro Palmeiro 0-0: Hit by Pitch
Pinch Hitting: LHB George Runnalls 0-0: SINGLE (Groundball, 4MD, EV 96.2 MPH)
Ramiro Palmeiro to second
Batting: RHB Junior Young 0-0: Called Strike
0-1: DOUBLE (Flyball, 8LXD, EV 90.6 MPH)
Ramiro Palmeiro scores
George Runnalls to third
Pitching: RHP Steve Henryson
Pinch Hitting: RHB Shuan-yan Bu 0-0: Ball
1-0: Foul Ball, location: 2F
1-1: Ball
2-1: Ball
3-1: Called Strike
3-2: Strikes out looking
Batting: RHB Li-ren Ku 0-0: Ball
1-0: SINGLE (Flyball, 7S, EV 87.5 MPH)
George Runnalls scores
Junior Young to third
Batting: RHB Adam Smith 0-0: Called Strike
0-1: Ball
1-1: Called Strike
1-2: Ball
2-2: SINGLE (Line Drive, 56D, EV 105.6 MPH)
Junior Young scores
Li-ren Ku to second
Batting: LHB Max Sinclair 0-0: Ball
1-0: Ball
2-0: Called Strike
2-1: Ball
3-1: Foul Ball, location: 2F
3-2: Foul Ball, location: 2F
3-2: Foul Ball, location: 2F
3-2: Foul Ball, location: 2F
3-2: Base on Balls
Li-ren Ku to third
Adam Smith to second
Batting: RHB Stu Roberts 0-0: Ball
1-0: Ball
2-0: Fielders Choice at 2nd, 6-4 (Groundball, 6, EV 88.8 MPH)
Li-ren Ku scores
Adam Smith to third
Pitching: LHP Homer Boyd
Pinch Hitting: LHB Adam Bisset 0-0: Fielders Choice at 2nd, 6-4 (Groundball, 6, EV 101.2 MPH)
Top of the 8th over - 4 runs, 4 hits, 0 errors, 2 left on base; Pittsburgh 10 - Oakland 3
BOTTOM OF THE 8TH
Oakland Oaks batting - Pitching for Pittsburgh Kingfishers : LHP Kenny James
Now at 3B: Adam Bisset
Now in LF: Shuan-yan Bu
Now in CF: George Runnalls
Now in RF: Ramiro Palmeiro
Batting: LHB Conor Gotaas 0-0: Called Strike
0-1: Ball
1-1: Swinging Strike
1-2: Fly out, F8 (Flyball, 8LM, EV 83.1 MPH)
Batting: RHB Cornelius Adkison 0-0: Ball
1-0: Ball
2-0: Ball
3-0: Called Strike
3-1: Base on Balls
Pitching: RHP Pierre Delecto
Batting: LHB Norbert Ingalsbe 0-0: Ball
1-0: Fly out, F9 (Line Drive, 9D, EV 95.6 MPH)
Pinch Hitting: SHB Doug Watson 0-0: Ball
1-0: Foul Ball, location: 2F
1-1: DOUBLE (Line Drive, 3D, EV 100.0 MPH)
Cornelius Adkison to third
Runner from 3rd tries for Home, SAFE, throw by RF to trailing runner, SAFE at third!
Batting: LHB Michael Witt 0-0: Fly out, F8 (Flyball, 78M, EV 91.9 MPH)
Bottom of the 8th over - 1 run, 1 hit, 0 errors, 1 left on base; Pittsburgh 10 - Oakland 4
TOP OF THE 9TH
Pittsburgh Kingfishers batting - Pitching for Oakland Oaks : LHP Homer Boyd
Now at 2B: Doug Watson
Batting: LHB Ramiro Palmeiro 0-0: Fly out, F8 (Line Drive, 8RD, EV 91.2 MPH)
Batting: LHB George Runnalls 0-0: Ball
1-0: Foul Ball, location: 2F
1-1: Ball
2-1: Foul Ball, location: 2F
2-2: Strikes out swinging
Pinch Hitting: RHB Shao Qigang 0-0: Ball
1-0: Foul Ball, location: 2F
1-1: Swinging Strike
1-2: Ball
2-2: SINGLE (Flyball, 8LS, EV 86.2 MPH)
Batting: RHB Shuan-yan Bu 0-0: Called Strike
0-1: Fly out, F9 (Flyball, 9, EV 82.5 MPH)
Top of the 9th over - 0 runs, 1 hit, 0 errors, 1 left on base; Pittsburgh 10 - Oakland 4
BOTTOM OF THE 9TH
Oakland Oaks batting - Pitching for Pittsburgh Kingfishers : RHP Pierre Delecto
Now at C: Shao Qigang
Pinch Hitting: RHB Tony Hernández 0-0: Ball
1-0: Foul Ball, location: 2F
1-1: Foul Ball, location: 2F
1-2: Ball
2-2: Ball
3-2: Ground out 4-3 (Groundball, 4MS, EV 85.0 MPH)
Pinch Hitting: RHB Johnny Jones 0-0: Ball
1-0: Called Strike
1-1: Reached on error, E6 (Groundball, 6, EV 105.6 MPH)
Batting: RHB Vonne Navarrete 0-0: Ball
1-0: Ball
2-0: DOUBLE (Line Drive, 9LD, EV 112.5 MPH)
Johnny Jones scores
Batting: RHB John Mast 0-0: Ground out 5-3 (Groundball, 56S, EV 85.0 MPH)
Batting: LHB Conor Gotaas 0-0: Swinging Strike
0-1: Foul Ball, location: 2F
0-2: Foul Ball, location: 2F
0-2: Strikes out swinging
Bottom of the 9th over - 1 run, 1 hit, 1 error, 1 left on base; Pittsburgh 10 - Oakland 5
Friday, March 26th, 2021 - OOTP Baseball 20.8 Build 74